 Dungeon Crawl Stone Soup version 0.28.0-43-g3370ac3207 (webtiles) character file.

Game seed: 13961748588574386724

572 pkoi the Zephyrmancer (level 6, -1/47 HPs)
             Began as a Demigod Air Elementalist on Mar 25, 2022.
             Slain by a wraith (10 damage)
             ... in an ossuary.
             The game lasted 00:06:39 (4884 turns).

pkoi the Zephyrmancer (Demigod Air Elementalist)    Turns: 4884, Time: 00:06:39

Health: -1/47      AC:  4    Str:  7 (9)  XL:     6   Next: 87%
Magic:  14/21      EV: 11    Int: 24 (25) God:
Gold:   105        SH:  0    Dex: 11 (14) Spells: 3/9 levels left

rFire   . . .      SeeInvis .   f - +0 rapier
rCold   . . .      Faith    .   (no shield)
rNeg    . . .      Spirit   .   p - +0 leather armour of Hohiu {rElec Will+ Slay+3}
rPois   .          Reflect  .   (no helmet)
rElec   +          Harm     .   (no cloak)
rCorr   +          Rampage  .   j - +0 pair of gloves
Will    +....                   (no boots)
Stlth   +.........              (no amulet)
HPRegen 0.15/turn               g - ring of magical power
MPRegen 0.17/turn               q - ring of resist corrosion

@: very slightly contaminated, slowed, very slow
A: high MP 1, forlorn, divine attributes
a: no special abilities


You were in an ossuary.
You visited 1 branch of the dungeon, and saw 5 of its levels.
You also visited: Ossuary.

You collected 333 gold pieces.
You spent 228 gold pieces at shops.

Inventory:

Hand Weapons
 d - a +0 whip
 f - a +0 rapier (weapon)
Missiles
 n - 12 poisoned darts
Armour
 a - a +0 robe
 i - quicksilver dragon scales
 j - a +0 pair of gloves (worn)
 p - the +0 leather armour of Hohiu (worn) {rElec Will+ Slay+3}
   (You found it on level 4 of the Dungeon)

   Slay:      It affects your accuracy & damage with ranged weapons and melee
   (+3).
   rElec:     It insulates you from electricity.
   Will:      It increases your willpower.
Jewellery
 g - a ring of magical power (left hand)
 q - a ring of resist corrosion (right hand)
Wands
 v - a wand of mindburst (15)
 x - a wand of acid (13)
Scrolls
 e - a scroll of torment {unknown}
 h - a scroll of teleportation
 t - a scroll of identify
 w - a scroll of blinking {unknown}
 y - a scroll of enchant armour {unknown}
 z - a scroll of silence {unknown}
Potions
 b - a potion of berserk rage {unknown}
 c - 2 potions of curing
 k - a potion of might {unknown}
 l - 2 potions of mutation
 m - 2 potions of flight
 o - 2 potions of magic
 r - 2 potions of lignification {unknown}
 s - a potion of brilliance {unknown}
 u - a potion of cancellation {unknown}


   Skills:
 + Level 1.0 Fighting
 + Level 2.1 Armour
 + Level 1.9 Dodging
 - Level 1.7 Stealth
 + Level 1.5 Unarmed Combat
 + Level 2.2 Spellcasting
 - Level 0.8 Conjurations
 + Level 11.2 Air Magic


You had 3 spell levels left.
You knew the following spells:

 Your Spells              Type           Power      Damage    Failure   Level
a - Shock                 Conj/Air       100%       1d9       1%          1
b - Static Discharge      Conj/Air       31%        N/A       2%          2
c - Swiftness             Air            54%        N/A       1%          3

Your spell library contained the following spells:

 Spells                   Type           Power      Damage    Failure   Level
 Animate Skeleton         Necr           4%         N/A       17%         1
 Apportation              Tloc           4%         N/A       17%         1
 Summon Small Mammal      Summ           8%         N/A       17%         1
 Dazzling Flash           Conj/Hex       8%         N/A       41%         3
 Airstrike                Air            27%        N/A       1%          4
 Silence                  Hex/Air        14%        N/A       43%         5
 Agony                    Necr           2%         N/A       99%         5


Dungeon Overview and Level Annotations

Branches:
Dungeon (5/15)             Temple (0/1) D:4         Ossuary (1/1)

Shops:
D:4 !


Innate Abilities, Weirdness & Mutations

You have an increased reservoir of magic. (+10% MP)
You shall have no god before yourself.
Your divine heritage dramatically boosts your attributes as you level up.


Message History

The wraith closely misses you.
Aiming: Shock (safe; 1% risk of failure)
Press: ? - help, Q - select action, (/) - cycle Shift-Dir - straight line That beam is likely to hit you.
Continue anyway?
Okay, then.
Unknown command.
Aiming: Shock (safe; 1% risk of failure)
Press: ? - help, Q - select action, (/) - cycle Shift-Dir - straight line You miscast Shock.
You are very lightly contaminated with residual magic.
Nothing appears to happen.
The wraith barely misses you.
Unknown command.
Aiming: Shock (safe; 1% risk of failure)
Press: ? - help, Q - select action, (/) - cycle Shift-Dir - straight line The zap misses the wraith.
The zap hits the wraith.
The wraith is severely damaged.
You feel yourself speed up. The wraith barely misses you. The wraith hits you!
* * * LOW HITPOINT WARNING * * *
The wraith drains your vigour!
You feel yourself slow down.
Aiming: Shock (safe; 1% risk of failure)
Press: ? - help, Q - select action, (/) - cycle Shift-Dir - straight line The zap misses the wraith.
The zap hits the wraith.
The wraith is severely damaged.
The wraith hits you!
* * * LOW HITPOINT WARNING * * *
The wraith drains your vigour!
You feel as though you will be slow longer.
Unknown command.
Aiming: Shock (safe; 1% risk of failure)
Press: ? - help, Q - select action, (/) - cycle Shift-Dir - straight line The zap misses the wraith.
The zap hits the wraith!
The wraith is almost destroyed.
The wraith hits you!
* * * LOW HITPOINT WARNING * * *
The wraith drains your vigour!
You feel as though you will be slow longer.
The wraith hits you!
You die...

############
#@.........
#.W##.###.#
#.#.#.#z#.# #
#.###.###.###.#
#.............#
#.............#
#.###.....###.#
#.#z#.....# #.#
#.###.....###.#


You could see a wraith and a flying skull.

Vanquished Creatures
  An ogre (D:2)
  A wight (Ossuary)
  2 orc priests
  2 jellies (D:4)
  An iguana (D:5)
  An orc wizard (D:4)
  A hound skeleton (D:4)
  4 adders
  An adder zombie (Ossuary)
  10 orcs
  7 ball pythons
  7 bats
  8 endoplasms
  2 goblins
  7 hobgoblins
  4 jackals (D:1)
  A quokka (D:2)
  A ball python skeleton (Ossuary)
  2 frilled lizards
  3 hobgoblin zombies (Ossuary)
  9 kobolds
  A kobold zombie (Ossuary)
  An orc skeleton (Ossuary)
  An orc zombie (Ossuary)
  A quokka skeleton (D:4)
  6 rats
85 creatures vanquished.

Notes
Turn   | Place    | Note
-------+----------+-------------------------------------------
     0 | D:1      | pkoi the Demigod Air Elementalist began the quest for the
                  | Orb.
     0 | D:1      | Reached XP level 1. HP: 14/14 MP: 5/5
   331 | D:1      | Reached skill level 3 in Air Magic
   511 | D:1      | Reached XP level 2. HP: 17/20 MP: 0/7
   825 | D:1      | Reached skill level 1 in Unarmed Combat
  1157 | D:1      | Learned a level 2 spell: Static Discharge
  1713 | D:2      | Noticed an ogre
  1782 | D:2      | Reached XP level 3. HP: 26/26 MP: 8/8
  2176 | D:2      | Killed an ogre
  2177 | D:2      | Reached skill level 1 in Armour
  2177 | D:2      | Reached skill level 4 in Air Magic
  2177 | D:2      | Reached XP level 4. HP: 32/33 MP: 9/9
  2234 | D:2      | Learned a level 3 spell: Swiftness
  2689 | D:3      | Reached skill level 11 in Air Magic
  2689 | D:3      | Reached XP level 5. HP: 38/38 MP: 10/10
  3556 | D:3      | Reached XP level 6. HP: 44/45 MP: 11/11
  3845 | D:4      | Found Wihiyduo's Distillery.
  3848 | D:4      | Bought a potion of mutation for 96 gold pieces
  3848 | D:4      | Bought a potion of magic for 96 gold pieces
  3848 | D:4      | Bought a potion of curing for 36 gold pieces
  3928 | D:4      | Found a staircase to the Ecumenical Temple.
  4253 | D:4      | Identified the +0 leather armour of Hohiu {rElec Will+
                  | Slay+3}
  4499 | D:5      | Entered Level 5 of the Dungeon
  4515 | D:5      | Found a sand-covered staircase.
  4520 | Ossuary  | Entered an ossuary
  4597 | Ossuary  | Reached skill level 1 in Fighting
  4832 | Ossuary  | Noticed a flying skull
  4832 | Ossuary  | Noticed a wraith
  4845 | Ossuary  | Noticed a flying skull
  4845 | Ossuary  | Noticed a flying skull
  4867 | Ossuary  | Noticed a flying skull
  4875 | Ossuary  | Noticed a wraith
  4884 | Ossuary  | Slain by a wraith

Illustrated notes

Levels and vault maps discovered:
D:1:      dpeg_arrival_oval, layout_loops_ring
D:2:      layout_basic, basic_altar, ebering_ecumenical_altar_box,
          minmay_misc_feat_roman
D:3:      layout_basic, kennysheep_orc_chapel
D:4:      layout_loops_ring, overflow_temple_1_default, temple_pool_b,
          serial_shops, shop
D:5:      layout_rooms, serial_shops, nicolae_shop_hallway_stairs,
          nicolae_ossuary_entry_false_entrances
Ossuary:  ossuary_due_cavern

Skill      XL: |  1  2  3  4  5  6 |
---------------+-------------------+-----
Air Magic      | 3 4 11 | 11.2
Unarmed Combat | 1 |  1.5
Armour         | 1 2 |  2.1
Spellcasting   | 2 |  2.2
Fighting       | 1 |  1.0
Dodging        | |  1.9
Stealth        | |  1.7
Conjurations   | |  0.8

Action                   |  1- 3 |  4- 6 || total
-------------------------+-------+-------++-------
Melee: Rapier            |     2 |     2 ||     4
       Unarmed           |     1 |       ||     1
 Cast: Shock             |    73 |   112 ||   185
  Use: Scroll            |       |     7 ||     7
       Potion            |       |     4 ||     4
Armor: Robe              |     3 |     3 ||     6
       Leather armour    |       |     5 ||     5
Dodge: Dodged            |     7 |    10 ||    17
